 Dungeon Crawl Stone Soup version 0.30-a0-475-g03497ec522 (webtiles) character file.

Game seed: 6122454329491729612

51 karrick the Covered (level 3, -3/24 HPs)
             Began as a Gargoyle Fighter on Dec 20, 2022.
             Slain by Sigmund
             ... wielding a +0 scythe
              (13 damage)
             ... on level 3 of the Dungeon.
             The game lasted 00:02:00 (1541 turns).

karrick the Covered (Gargoyle Fighter)              Turns: 1541, Time: 00:02:00

Health: -3/24      AC: 12    Str: 19    XL:     3   Next: 83%
Magic:  3/3        EV:  9    Int: 14    God:
Gold:   52         SH:  4    Dex: 11    Spells: 2/2 levels left

rFire   . . .      SeeInvis .    a - +0 flail
rCold   + . .      Faith    .    c - +0 buckler
rNeg    + . .      Spirit   .    b - +0 scale mail
rPois   ∞          Reflect  .    (no helmet)
rElec   +          Harm     .    o - +0 cloak
rCorr   .          Rampage  .    (no gloves)
Will    .....                    n - +0 pair of boots
Stlth   ..........               (no amulet)
HPRegen 0.24/turn                g - ring of protection from cold
MPRegen 0.08/turn                l - +6 ring of intelligence

@: mighty
A: sickness immunity, AC +3, negative energy resistance 1, electricity
resistance, torment resistance 1, petrification resistance
a: no special abilities


You were on level 3 of the Dungeon.
You visited 1 branch of the dungeon, and saw 3 of its levels.

You collected 52 gold pieces.

Inventory:

Hand Weapons
 a - a +0 flail (weapon)
 k - the +4 dagger "Reas" {flame, Drain rElec Str+2 Dex+2}
   (You found it on level 2 of the Dungeon)

   It burns those it strikes, dealing additional fire damage.
   Str:       It affects your strength (+2).
   Dex:       It affects your dexterity (+2).
   rElec:     It insulates you from electricity.
   Drain:     It drains your maximum health when unequipped.
Armour
 b - a +0 scale mail (worn)
 c - a +0 buckler (worn)
 n - a +0 pair of boots (worn)
 o - a +0 cloak (worn)
Jewellery
 g - a ring of protection from cold (left hand)
 l - a +6 ring of intelligence (right hand)
Scrolls
 e - a scroll of immolation {unknown}
 f - 2 scrolls of teleportation {unknown}
 j - 2 scrolls of identify {unknown}
Potions
 h - 2 potions of curing {unknown}
 i - a potion of berserk rage {unknown}
 m - a potion of ambrosia {unknown}


   Skills:
 + Level 3.7 Fighting
 + Level 2.9 Maces & Flails
 + Level 3.9 Armour
 + Level 3.5 Shields


You had 2 spell levels left.
You didn't know any spells.
Your spell library contained the following spells:

 Spells                   Type           Power      Damage    Failure   Level
 Sandblast                Erth           0%         2d4       73%         1
 Passwall                 Tmut/Erth      0%         N/A       86%         2
 Stone Arrow              Conj/Erth      0%         3d7       97%         3


Dungeon Overview and Level Annotations

Branches:
Dungeon (3/15)

Altars:

Annotations:
D:3 Sigmund


Innate Abilities, Weirdness & Mutations

You are immune to sickness and miasma.
Your stone body is resilient. (AC +3)
You are immune to poison.
You resist negative energy. (rN+)
You are resistant to electric shocks. (rElec)
You are resistant to unholy torment.
You are immune to petrification.


Message History

You are too confused!
You are too confused!
You are too confused!
You are too confused!
Unknown command.
Unknown command.
Found a pink potion.
Sigmund hits you with a +0 scythe. Sigmund barely misses you.
Items here: ( ) [ †.
You barely miss Sigmund.
Sigmund is lightly wounded.
Sigmund barely misses you.
Unknown command.
Sigmund hits you but does no damage.
You feel less confused.
You closely miss Sigmund.
Sigmund is lightly wounded.
Sigmund hits you with a +0 scythe.
You feel very mighty all of a sudden. Sigmund hits you with a +0 scythe.
You closely miss Sigmund.
Sigmund is lightly wounded.
Sigmund casts a spell at you.
The magic dart hits you but does no damage.
You sock Sigmund!
Sigmund is heavily wounded.
Sigmund gestures at you while chanting. You resist with significant effort.
You barely miss Sigmund.
Sigmund is heavily wounded.
Sigmund mumbles some strange words.
Sigmund flickers and vanishes!
Deactivating autopickup; reactivate with Ctrl-A.
Something hits you but does no damage.
You closely miss something. You closely miss something. Something hits you.
You miss something. Something hits you.
You barely miss something. Something hits you!
Ouch! That really hurt!
You die...

.............
.........##.#####
.........#......#
............###.#
........>..## #.#
!.....?..#.# #.#
.........#.####'###
.........#.#......#
#####..@)#.#......#
####{#.#......###
#.#<.........#
#.#.#####....#
#.#.....+....#
#.#######....# #.#
#....# #.# #....#
#....#


There were no monsters in sight!

Vanquished Creatures
  An adder (D:2)
  An orc (D:3)
  5 endoplasms
  2 giant cockroaches
  7 goblins
  8 hobgoblins
  A kobold (D:2)
  3 quokkas
  A ball python (D:3)
  2 bats (D:1)
  2 frilled lizards
  3 rats (D:1)
36 creatures vanquished.

Notes
Turn   | Place    | Note
-------+----------+-------------------------------------------
     0 | D:1      | karrick the Gargoyle Fighter began the quest for the Orb.
     0 | D:1      | Reached XP level 1. HP: 14/14 MP: 1/1
   130 | D:1      | Reached XP level 2. HP: 15/19 MP: 2/2
   856 | D:2      | Reached XP level 3. HP: 22/23 MP: 3/3
   917 | D:2      | Identified the +4 dagger "Reas" {flame, Drain rElec Str+2
                  | Dex+2}
  1519 | D:3      | Noticed Sigmund
  1541 | D:3      | Slain by Sigmund

Illustrated notes

Levels and vault maps discovered:
D:1:      lemuel_arrival_funnel, layout_basic, minmay_misc_feat_room,
          bh_walls_and_bars
D:2:      layout_basic
D:3:      layout_basic, minmay_ruptured, uniq_sigmund, uniq_jessica

Action                   || total
-------------------------++-------
Melee: Flail             ||   129
  Use: Potion            ||     1
Armor: Scale mail        ||    65
Dodge: Dodged            ||    48
Block: Buckler           ||    28

Table legend: (Time is in decaauts)
 A = Elapsed time spent in this place.
 B = Non-inter-level travel time spent in this place.
 C = Inter-level travel time spent in this place.
 D = Time resting spent in this place.
 E = Time spent auto-exploring this place.
 F = Levels seen in this place.
 G = Mean time per level.
                   A        B        C        D        E       F      G
               +--------+--------+--------+--------+--------+-----+--------+
         Total |   1581 |   1459 |    122 |      0 |   1131 |   3 |  527.0 |
       Dungeon |   1581 |   1459 |    122 |      0 |   1131 |   3 |  527.0 |
               +--------+--------+--------+--------+--------+-----+--------+

Top non-repeatable levels by time:
     D:1: 798 daAuts
     D:2: 706 daAuts
     D:3: 77 daAuts
